Map: Post-Youth LE

Players

xBenx

  • Race: Zerg Zerg
  • League: Gold
  • Spawn Location: 7:00

whoaaaaaa - Winner!

  • Race: Terran Terran
  • League: Platinum
  • Spawn Location: 1:00

VOD

Have the link to the VOD?

Description

xBenx vs whoaaaaaa

Time

  • Played on: April 3, 2024, 8:16 p.m.
  • Length: 12:43
Show
View Real Time Build Order
Export as new Build Order

xBenx Zerg 

Build Orders: Hatch First 

Get SALT Encoding   

  12  0:02  Drone  
  13  0:14  Drone  
  14  0:17  Overlord  
  14  0:36  Drone  
  15  0:47  Drone  
  15  0:49  Drone  
  17  0:59  Drone x2  
  17  1:03  Extractor  
  18  1:05  Hatchery  
  17  1:17  Extractor, Drone  
  18  1:32  Extractor  
  17  1:34  Spawning Pool  
  17  1:37  Drone  
  17  1:48  Overlord  
  17  2:00  Drone  
  17  2:01  Drone  
  19  2:05  Extractor  
  18  2:08  Drone  
  19  2:19  Drone  
  20  2:23  Drone  
  20  2:24  Zergling x2  
  20  2:26  Queen x2  
  26  2:30  Drone  
  27  2:37  Zergling x2  
  26  2:53  Spine Crawler  
  26  2:55  Zergling x2  
  26  3:11  Drone  
  26  3:12  Drone x2  
  29  3:17  Drone x2, Spine Crawler  
  31  3:27  Drone x2  
  31  3:33  Spore Crawler  
  31  3:36  Spore Crawler  
  30  3:41  Metabolic Boost  
  30  3:59  Drone x2  
  30  4:00  Spine Crawler  
  31  4:06  Drone x5  
  36  4:14  Overlord x2  
  36  4:27  Extractor  
  36  4:30  Lair  
  35  4:31  Queen  
  37  4:45  Zergling x4  
  38  4:50  Overlord, Hatchery  
  38  4:52  Zergling x2  
  38  5:01  Zergling x8  
  42  5:27  Zergling x2  
  42  5:28  Zergling x18  
  51  5:35  Baneling Nest  
  50  5:42  Infestation Pit  
  49  5:46  Drone x2  
  51  5:50  Overlord  
  51  5:54  Overlord  
  51  5:55  Overlord x2  
  51  6:10  Drone x3  
  54  6:12  Evolution Chamber  
  54  6:15  Zergling x2  
  54  6:16  Zergling x8  
  58  6:28  Hive  
  58  6:31  Centrifugal Hooks  
  58  6:32  Drone  
  59  6:33  Drone  
  59  6:38  Extractor, Drone  
  59  6:39  Drone  
  61  6:40  Drone  
  62  6:53  Spore Crawler  
  61  7:02  Spore Crawler  
  61  7:03  Spore Crawler  
  59  7:11  Baneling  
  59  7:12  Baneling x11  
  59  7:15  Overlord x2  
  59  7:22  Spine Crawler  
  59  7:24  Drone x2  
  59  7:25  Zerg Ground Armor Level 1  
  59  7:29  Infestor  
  62  7:33  Drone  
  63  7:38  Spine Crawler  
  60  8:00  Zergling x2  
  60  8:01  Zergling x24  
  73  8:11  Drone x3  
  73  8:12  Spore Crawler  
  61  8:24  Zergling x2  
  61  8:25  Zergling x12  
  61  8:31  Baneling  
  61  8:32  Baneling x7  
  61  8:42  Drone x2  
  61  8:43  Drone x2  
  61  8:44  Drone x2  
  67  8:50  Drone  
  67  8:53  Spore Crawler  
  67  8:57  Drone, Spore Crawler  
  67  9:01  Drone  
  67  9:02  Spore Crawler  
  65  9:10  Burrow  
  65  9:15  Hydralisk Den  
  64  9:17  Ultralisk Cavern  
  64  9:18  Pneumatized Carapace  
  63  9:35  Adrenal Glands  
  63  9:38  Drone  
  63  9:39  Drone x6  
  63  9:43  Extractor  
  69  9:46  Zerg Melee Weapons Level 1  
  69  9:49  Hydralisk, Grooved Spines  
  71  9:57  Baneling x2  
  71  9:58  Baneling x8  
  71  10:09  Hatchery  
  69  10:14  Spore Crawler  
  68  10:36  Drone x3  
  68  10:37  Spore Crawler  
  68  10:39  Drone x5  
  68  10:40  Drone x3  
  78  10:46  Overlord x2  
  78  10:47  Overlord x3  
  52  11:19  Zergling x2, Ultralisk x2  
  52  11:20  Zergling x4, Ultralisk  
  69  11:27  Zergling x4  
  71  11:34  Infestor  
  71  11:37  Zergling x10  
Show
View Real Time Build Order
Export as new Build Order

whoaaaaaa Terran - Winner!

Build Orders: Gas First Reaper Expand 

Get SALT Encoding   

  12  0:00  SCV  
  13  0:12  SCV  
  14  0:19  Supply Depot  
  14  0:25  SCV  
  15  0:30  Refinery  
  15  0:42  Barracks  
  15  0:51  SCV  
  16  1:03  SCV  
  17  1:15  SCV  
  18  1:27  SCV  
  18  1:30  Reaper  
  20  1:40  Command Center  
  20  1:43  SCV  
  21  1:56  Orbital Command  
  21  2:03  Barracks Tech Lab  
  21  2:09  Supply Depot  
  21  2:14  Refinery  
  21  2:23  Factory  
  21  2:41  Marine  
  22  2:48  Stimpack  
  22  2:49  SCV  
  23  2:56  Orbital Command  
  23  3:00  Marine  
  23  3:02  SCV  
  25  3:08  Factory Tech Lab  
  25  3:14  SCV  
  25  3:18  Barracks  
  27  3:27  SCV x2  
  28  3:36  Marine  
  28  3:39  SCV x2  
  31  3:49  Siege Tank  
  31  3:54  Starport  
  34  3:58  Marine  
  34  4:00  SCV x2  
  37  4:04  Refinery  
  37  4:07  Barracks Reactor  
  37  4:08  Refinery  
  37  4:12  SCV x2  
  39  4:22  Marine  
  40  4:24  SCV x2  
  42  4:36  SCV  
  42  4:37  SCV  
  44  4:38  Starport Reactor  
  44  4:45  Barracks  
  44  4:47  Marine x2  
  44  4:48  Combat Shield  
  44  4:52  Supply Depot  
  46  4:53  Supply Depot x2  
  46  5:13  Marine  
  46  5:14  SCV x2  
  49  5:18  Medivac x2  
  49  5:19  Marine x2  
  55  5:26  SCV x2  
  56  5:35  Command Center  
  56  5:36  Barracks Reactor  
  56  5:38  SCV x2  
  56  5:39  Marine x3  
  61  5:46  Supply Depot  
  61  5:51  Siege Tank  
  61  5:55  Medivac x2  
  61  5:56  Marine  
  61  5:57  Marine  
  68  5:58  Supply Depot  
  68  5:59  Supply Depot  
  68  6:02  Engineering Bay  
  68  6:03  Engineering Bay  
  70  6:08  Marine  
  71  6:16  Marine x2  
  71  6:17  Marine x2  
  75  6:39  Supply Depot  
  75  6:40  Supply Depot  
  75  6:41  Supply Depot  
  75  6:42  Supply Depot  
  75  6:44  Barracks  
  75  6:45  Marine x5  
  80  6:47  Terran Infantry Weapons Level 1  
  80  6:48  Terran Infantry Armor Level 1  
  80  6:55  Orbital Command  
  80  7:00  Armory  
  75  7:10  Marine x3  
  75  7:11  Marine x2  
  80  7:18  Orbital Command  
  80  7:30  Medivac x2  
  80  7:32  Marine x5  
  89  7:37  Barracks  
  89  7:38  Barracks  
  89  7:45  SCV x3  
  92  7:57  SCV x2  
  92  7:58  Marine, SCV  
  95  7:59  Marine x4  
  100  8:07  Medivac  
  100  8:08  Medivac  
  104  8:16  Marine  
  92  8:27  SCV x3  
  92  8:31  Marine x3  
  92  8:32  Marine  
  99  8:34  Barracks Reactor  
  99  8:35  Barracks Reactor  
  99  8:37  Barracks  
  99  8:39  Barracks, SCV x3  
  102  8:43  Supply Depot  
  102  8:44  Supply Depot  
  102  8:47  Supply Depot  
  102  8:50  Supply Depot  
  102  8:51  SCV x3  
  102  8:52  Supply Depot  
  102  8:54  Supply Depot  
  105  9:03  SCV x2  
  105  9:04  SCV  
  105  9:08  Barracks Reactor  
  108  9:14  Refinery  
  108  9:15  Refinery  
  108  9:18  Terran Infantry Weapons Level 2, Terran Infantry Armor Level 2  
  108  9:24  Siege Tank  
  108  9:29  Barracks Reactor, Barracks Tech Lab  
  111  9:37  Marine x4  
  111  9:38  Marine x4  
  119  9:46  Marine  
  119  9:47  Marine  
  121  10:00  SCV x3  
  121  10:05  Command Center  
  124  10:18  Marine  
  124  10:19  Marine x7  
  124  10:20  Marine x3  
  135  10:23  Marine x2  
  135  10:24  Marine  
  138  10:37  Marine x4  
  138  10:38  Marine  
  143  10:50  Marine x3  
  143  10:51  Marine x4  
  143  10:52  Marauder  
  143  10:53  Marauder  
  112  11:19  Marine x4  
  112  11:20  Marine x7  
  112  11:21  Marine  
  119  11:45  Marine x4  
  119  11:46  Medivac x2, Marine  
  128  11:53  SCV x2  
  128  11:54  SCV  
  131  12:00  Marine x6, Marauder x2  
  131  12:01  Marine  
  134  12:03  Marine x2  
  134  12:05  SCV  
  134  12:06  SCV x2  
  127  12:18  SCV x3  
  129  12:30  SCV x2  
  131  12:37  Supply Depot  
  131  12:40  Supply Depot  
Tags
 
Add a new tag
Caveats
  • Supply blocks, unpowered buildings, or Contaminate may cause inaccurate times.
  • Supply counts are checked every 10 seconds.